[Event "*** Titled Tuesday Blitz"]
[Site "Chess.com"]
[Date "2019.03.05"]
[Round "3"]
[White "martinmartinez95"]
[Black "Msb2"]
[Result "1-0"]
[WhiteElo "2468"]
[BlackElo "2785"]
[TimeControl "180+2"]
[EndTime "13:41:56 PST"]
[Termination "martinmartinez95 won by checkmate"]

1. e4 e6 2. d4 d5 3. Nc3 Nf6 4.
e5 Nfd7 5. f4 c5 6. Nf3 Nc6 7.
Be3 Be7 8. Ne2 O-O 9. c3 Qb6 10. Qd2 a5 11. g3 a4 12. Bg2 Na5 13. Qc2 Nc4 14. Bc1 f6 15. Bh3 cxd4 16. Nexd4 Ndxe5 17. fxe5 fxe5 18. Rf1 exd4 19. Nxd4 Rxf1+ 20. Bxf1 e5 21. Nf5 Bxf5 22. Qxf5 Rf8 23. Qc2 Bc5 24. b3 Bf2+ 25.
Kd1 Bxg3 26. Qg2 Ne3+ 27. Bxe3 Qxe3 28. hxg3 e4 29. Qe2 Qxg3 30. Rc1 Rf2 31. Qb5 Qe3 32. Qxd5+ Kf8 33. Bc4 Qf3+ 34. Ke1 Qe3+ 35. Kd1 Qf3+ 36. Ke1 Qe3+ 37. Kd1 Qf3+ 38. Ke1 g6 39. Qc5+ Ke8 40. Qe5+ Kd8 41. Rd1+ Kc8 42. Be6# 1-0

[Event "*** Titled Tuesday Blitz"]
[Site "Chess.com"]
[Date "2019.03.05"]
[Round "3"]
[White "PawnEatingZombie"]
[Black "orrbaverlekszarnyon"]
[Result "0-1"]
[WhiteElo "2129"]
[BlackElo "2169"]
[TimeControl "180+2"]
[EndTime "13:41:56 PST"]
[Termination "orrbaverlekszarnyon won by resignation"]

1. d4 d5 2. c4 e6 3. Nc3 c5 4. cxd5 exd5 5. Nf3 Nc6 6. dxc5 d4 7. Na4 Bxc5 8. Nxc5 Qa5+ 9. Bd2 Qxc5 10. Rc1 Qb6 11. e3 Nf6 12. Bc4 O-O 13. O-O Bg4 14. h3 Bh5 15.
Qb3 Qxb3 16. Bxb3 Bxf3 17. gxf3 Ne5 18. Kg2 dxe3 19. Bxe3 b6 20. Rc7 Rfc8 21. Rfc1 Rf8 22. R1c2 a5 23. f4 Ng6 24. Rb7 a4 25. Bc4 Rab8 26. Rxb8 Rxb8 27. Bd3 Nd5 28. Bxg6 hxg6 29. a3 b5 30. Kf3 b4 31. axb4 Rxb4 32. Bc1 Rb3+ 33.
Kg2 Rb4 34. Kf3 Rb3+ 35. Kg2 Nb4 36. Rc8+ Kh7 37. Rb8 Nd3 38. Rc8 Nxc1 39. Rxc1 Rxb2 40. Rc7 Kg8 41. Rc8+ Kh7 42. Rc7 a3 43. Rxf7 a2 44. Ra7 Kh6 45. Kg3 Kh5 46. Ra5+ Kh6 47. Kg2 Kh7 48. Kg3 Kg8 49. Kg2 Kf8 50. Ra7 Ke8 51.
Ra6 Kd7 52. Rxg6 a1=Q 0-1

[Event "*** Titled Tuesday Blitz"]
[Site "Chess.com"]
[Date "2019.03.05"]
[Round "3"]
[White "joppie2"]
[Black "Marcus_Harvey"]
[Result "1-0"]
[WhiteElo "2767"]
[BlackElo "2597"]
[TimeControl "180+2"]
[EndTime "13:41:57 PST"]
[Termination "joppie2 won on time"]

1. e4 e6 2. d4 d5 3. Nc3 Nf6 4. e5 Nfd7 5. f4 c5 6. Nf3 Nc6 7. Be3 a6 8. Ne2 Qb6 9. Qc1 f6 10. c3 cxd4 11. cxd4 f5 12. Nc3 Be7 13. Be2 Nf8 14.
O-O Bd7 15. a3 Na5 16. Rb1 Nb3 17. Qd1 Rc8 18. Nd2 Nxd2 19. Qxd2 Ng6 20. Kh1 O-O 21. Rg1 Kh8 22. Bd3 Qb3 23. Rbc1 b5 24. g4 Nh4 25. gxf5 Nxf5 26. Bf2 a5 27. Ne2 b4 28. Ra1 g6 29. a4 Bxa4 30. Nc1 Rxc1 31. Rgxc1 Bh4 32. Bg1 Kg7 33. Rab1 Kh6 34. Ra1 Kg7 35. Bc2 Qf3+ 36. Qg2 Qxg2+ 37. Kxg2 b3 38. Bxf5 1-0

[Event "*** Titled Tuesday Blitz"]
[Site "Chess.com"]
[Date "2019.03.05"]
[Round "3"]
[White "GameOverBro"]
[Black "senecacrane"]
[Result "1/2-1/2"]
[WhiteElo "2411"]
[BlackElo "2305"]
[TimeControl "180+2"]
[EndTime "13:42:00 PST"]
[Termination "Game drawn by repetition"]

1. e4 c6 2. Nc3 d5 3. Nf3 Nf6 4. e5 Ne4 5. Ne2 Qb6 6. d4 e6 7. Ng3 c5 8. Bd3 Nxg3 9. hxg3 Nc6 10. c3 h6 11. a3 a5 12. b3 Bd7 13. Bc2 Rc8 14.
g4 cxd4 15. cxd4 Ne7 16. O-O Nc6 17. g5 hxg5 18. Bxg5 Be7 19. Bxe7 Kxe7 20. Qd2 f6 21. Rfe1 Rcf8 22. exf6+ gxf6 23. Re2 Rfg8 24. Rae1 Rh3 25. g3 Kf7 26. Kg2 Rhh8 27. Qf4 Ne7 28. Ne5+ Ke8 29. Qxf6 Rf8 30. Nxd7 Kxd7 31. Qxe6+ Qxe6 32. Rxe6 Nc6 33. Bd3 Nxd4 34. Re7+ Kd6 35. Rxb7 Rb8 36. Ree7 Rxb7 37. Rxb7 Rc8 38. b4 Rc3 39. Bf1 Rxa3 40. bxa5 Rxa5 41.
g4 Ra2 42. g5 Nf5 43. Bd3 Ne3+ 44. Kf3 Nd1 45. Be2 Nc3 46. Bd3 Nd1 47. Be2 Nc3 48. Bd3 Nd1 1/2-1/2

[Event "*** Titled Tuesday Blitz"]
[Site "Chess.com"]
[Date "2019.03.05"]
[Round "3"]
[White "GeorgMeier"]
[Black "dreamist"]
[Result "1-0"]
[WhiteElo "2831"]
[BlackElo "2719"]
[TimeControl "180+2"]
[EndTime "13:42:01 PST"]
[Termination "GeorgMeier won by checkmate"]

1. Nf3 Nf6 2. g3 g6 3. Bg2 Bg7 4. d4 O-O 5. O-O d6 6. b3 d5 7. c4 c6 8. Nc3 Bf5 9. Bb2 Ne4 10. e3 Nxc3 11. Bxc3 Be4 12. Qe2 e6 13. Rfd1 Nd7 14.
Rac1 Rc8 15. Bf1 g5 16. Nd2 Bg6 17. e4 Nf6 18. Bg2 Bh5 19. Bf3 Bg6 20. h3 h6 21.
e5 Nd7 22. Bh5 Bh7 23. Nf3 Qe7 24. h4 f5 25. hxg5 hxg5 26. Bd2 f4 27. Nh2 Be4 28. Qg4 c5 29. gxf4 cxd4 30. cxd5 Bxd5 31. Bg6 Rxc1 32. Rxc1 Rd8 33. Rc7 Bf8 34. Qh5 Bc6 35. Ng4 gxf4 36. Bxf4 Bg7 37. Qh7+ Kf8 38. Bh6 Nf6 39. Qh8+ Ng8 40.
Bxg7+ Qxg7 41. Qxg7# 1-0

[Event "*** Titled Tuesday Blitz"]
[Site "Chess.com"]
[Date "2019.03.05"]
[Round "3"]
[White "fu24"]
[Black "ProstoIgrok"]
[Result "0-1"]
[WhiteElo "2499"]
[BlackElo "2683"]
[TimeControl "180+2"]
[EndTime "13:42:02 PST"]
[Termination "ProstoIgrok won by resignation"]

1. d4 d5 2. Bf4 Nf6 3. e3 e6 4. Nd2 Bd6 5. Bg3 c5 6. c3 Nc6 7.
Ngf3 Qe7 8. Ne5 O-O 9. Bd3 Nd7 10. Nxd7 Qxd7 11. Bxd6 Qxd6 12. f4 cxd4 13. cxd4 Nb4 14. Qb3 a5 15. a3 Nxd3+ 16. Qxd3 b6 17. Rc1 Ba6 18. Qb3 f6 19. Nf3 Bc4 20. Qc2 Rac8 21. Kf2 e5 22. Qf5 exf4 23. exf4 g6 24. Qg4 Rce8 25.
Rhe1 Kg7 26. h4 h5 27. Qg3 Bd3 28. Nd2 Bf5 29. Rxe8 Rxe8 30. Re1 Rc8 31. Qe3 Kf7 32. Re2 Bg4 33. Nf3 b5 34. Rd2 b4 35. axb4 axb4 36. Re2 Ra8 37. g3 Bd7 38. Rc2 Re8 39. Qb3 Qe6 40.
Qxb4 Qe3+ 41. Kg2 Bg4 42. Ng1 Qe4+ 43. Kh2 Qxc2+ 0-1

[Event "*** Titled Tuesday Blitz"]
[Site "Chess.com"]
[Date "2019.03.05"]
[Round "3"]
[White "Chessialist"]
[Black "MITerryble"]
[Result "0-1"]
[WhiteElo "2500"]
[BlackElo "2802"]
[TimeControl "180+2"]
[EndTime "13:42:03 PST"]
[Termination "MITerryble won by resignation"]

1. e4 e6 2. Qe2 c5 3. d3 Nc6 4. Nf3 g6 5. g3 Bg7 6. Bg2 Nge7 7. O-O O-O 8. c3 d6 9. Rd1 Rb8 10. a4 a6 11. Nbd2 b5 12. axb5 axb5 13. Nf1 b4 14. c4 Bb7 15. h4 h6 16. N3h2 Nd4 17. Qg4 f5 18. Qh3 Ne2+ 19. Kh1 Nxc1 20.
Raxc1 Bxb2 21. Rb1 Bg7 22. exf5 Nxf5 23. Ng4 Qd7 24. Rd2 Nd4 25. Nfe3 Nf3 26. Re2 Qf7 27.
Nh2 Nd4 28. Rd2 Ra8 29. f4 b3 30. Bxb7 Qxb7+ 31. Qg2 Qxg2+ 32. Kxg2 Ra2 33. Nhf1 Rfa8 34.
Kf2 Rxd2+ 35. Nxd2 Ra2 36. Ke1 b2 37. Kd1 Ra1 38. Nc2 Nf5 39. g4 Nxh4 40. Ke2 h5 41. gxh5 gxh5 42. d4 cxd4 43. Kd3 Rxb1 44. Nxb1 Ng6 45.
Nxd4 Nxf4+ 46. Ke4 Bxd4 47. Kxd4 h4 0-1

[Event "*** Titled Tuesday Blitz"]
[Site "Chess.com"]
[Date "2019.03.05"]
[Round "3"]
[White "chessmaxusa"]
[Black "LukasHandler"]
[Result "1-0"]
[WhiteElo "2517"]
[BlackElo "2367"]
[TimeControl "180+2"]
[EndTime "13:42:04 PST"]
[Termination "chessmaxusa won by resignation"]

1. d4 Nf6 2. Nf3 d5 3. Bf4 c5 4.
e3 Qb6 5. Qc1 c4 6. b3 cxb3 7.
axb3 Nc6 8. Qb2 Bf5 9. c3 e6 10.
Nbd2 h6 11. h3 Be7 12. Be2 O-O 13. O-O Rfc8 14. Rfc1 a5 15. Qa2 Qd8 16. Qa4 Nd7 17.
Bb5 Nb6 18. Qa2 a4 19. bxa4 Na5 20. c4 dxc4 21. Nxc4 Nbxc4 22. Bxc4 Nxc4 23. Rxc4 Be4 24. Qe2 Bd5 25. Rxc8 Qxc8 26. Ne5 Qc3 27. Qf1 Bf6 28. Nd7 Be7 29. Nb6 Ra6 30. Nxd5 exd5 31. Qb1 Bb4 32. Ra2 Rc6 33. Rb2 Rc4 34. a5 g6 35.
Be5 h5 36. Kh2 Kh7 37. h4 Kh6 38. g3 Kh7 39. Kg2 Kg8 40. Ra2 Rc6 41. Ra4 Rc4 42.
a6 bxa6 43. Rxa6 Rc8 44. Rb6 Be7 45. Rb7 Bf8 46. Qb5 Qc4 47. Qd7 1-0

[Event "*** Titled Tuesday Blitz"]
[Site "Chess.com"]
[Date "2019.03.05"]
[Round "3"]
[White "Hongjin"]
[Black "RiskyDecision"]
[Result "0-1"]
[WhiteElo "2519"]
[BlackElo "2466"]
[TimeControl "180+2"]
[EndTime "13:42:05 PST"]
[Termination "RiskyDecision won by resignation"]

1. c4 e5 2. Nc3 Bb4 3. g3 Bxc3 4. bxc3 d6 5. Bg2 Ne7 6. d3 O-O 7. Nf3 c5 8. O-O Nbc6 9. Rb1 b6 10. d4 Bf5 11.
Rb2 Be4 12. Rd2 Qc7 13. dxe5 dxe5 14. Rd7 Qc8 15. Bh3 Bf5 16. Bxf5 Nxf5 17. e4 Nfd4 18.
Rd5 Nxf3+ 19. Qxf3 f6 20. Rfd1 Na5 21. Rd7 Rf7 22. Qg4 Qe8 23. Rxf7 Qxf7 24. Rd7 Qg6 25. Qe6+ Kh8 26. Rxa7 Rg8 27. Qd5 h5 28. Be3 h4 29.
Bxc5 h3 30. f3 Qg5 31. Kf2 Qc1 32. Be3 Qh1 33. Bxb6 Qxh2+ 34. Ke3 Qg1+ 35. Ke2 Qxb6 36. Rxa5 h2 37. Qd1 Qg1 38. Rd5 h1=Q 39. Qxg1 Qxg1 0-1

[Event "*** Titled Tuesday Blitz"]
[Site "Chess.com"]
[Date "2019.03.05"]
[Round "3"]
[White "Divertissement"]
[Black "chessking2151"]
[Result "0-1"]
[WhiteElo "2734"]
[BlackElo "2597"]
[TimeControl "180+2"]
[EndTime "13:42:06 PST"]
[Termination "chessking2151 won by resignation"]

1. c4 e6 2. Nc3 d5 3. d4 Nf6 4. Nf3 c6 5. g3 Bd6 6. Bg2 O-O 7. O-O Nbd7 8. Qc2 dxc4 9. a4 e5 10. Rd1 Qe7 11. Nh4 Nb6 12. a5 Nbd5 13. Na4 e4 14.
Qxc4 Ng4 15. h3 Nxf2 16. Kxf2 Qf6+ 17. Nf3 exf3 18. exf3 Re8 19. Nc3 Nxc3 20. bxc3 Qg6 21. f4 Bf5 22. Bf3 Bxh3 23. Ba3 Be6 24. Qf1 Bxa3 25. Rxa3 Qc2+ 26. Kg1 Bd5 27. Bxd5 cxd5 28. Re1 h5 29. a6 b6 30. Qf2 Qf5 31. Re5 Rxe5 32.
dxe5 Qb1+ 33. Kg2 Qb5 34. Qf3 Rc8 35. Qxh5 Qb2+ 36. Kh3 Qxa3 37. Qf5 Qf8 38. g4 g6 39. Qf6 Rxc3+ 40. Kg2 d4 41. f5 Qa8+ 42. Kh2 Rc2+ 43.
Kh3 Qh1+ 44. Kg3 Qh2+ 45. Kf3 Qg2+ 46. Kf4 Rf2+ 47. Kg5 Rxf5+ 0-1

[Event "*** Titled Tuesday Blitz"]
[Site "Chess.com"]
[Date "2019.03.05"]
[Round "3"]
[White "2nd_life"]
[Black "Hieronymus00"]
[Result "1-0"]
[WhiteElo "2400"]
[BlackElo "2216"]
[TimeControl "180+2"]
[EndTime "13:42:06 PST"]
[Termination "2nd_life won by resignation"]

1. e4 e5 2. f4 exf4 3. Nf3 g5 4. h4 g4 5. Ne5 d6 6. Nxg4 Nf6 7. Nf2 Bg7 8. d4 Qe7 9. Qe2 Nc6 10. c3 Bd7 11. Bxf4 O-O-O 12. Nd2 Rde8 13. O-O-O h5 14. g3 Ng4 15. Bh3 f5 16. Nxg4 hxg4 17. Bg2 fxe4 18. Qxe4 Qf7 19. Qd5 Be6 20. Qb5 Bxa2 21. Rde1 a6 22. Qg5 Qd7 23. h5 Bxd4 24. cxd4 Nxd4 25. Qa5 Qf7 26. Qc3 Nb5 27. Qb4 Rhf8 28. h6 Qf5 29.
Be4 Qf7 30. h7 Be6 31. Bc2 c5 32. Qa5 Nd4 33. Bxd6 Nxc2 34. Kxc2 Bf5+ 35. Kc1 Rxe1+ 36. Rxe1 Rd8 37. Qxd8+ Kxd8 38. h8=Q+ Kd7 39. Qe5 Qa2 40. Qe7+ 1-0

[Event "*** Titled Tuesday Blitz"]
[Site "Chess.com"]
[Date "2019.03.05"]
[Round "3"]
[White "kinga2008"]
[Black "politeplayer"]
[Result "0-1"]
[WhiteElo "1854"]
[BlackElo "2078"]
[TimeControl "180+2"]
[EndTime "13:42:10 PST"]
[Termination "politeplayer won by checkmate"]

1. e4 c5 2. Nf3 Nc6 3. d4 cxd4 4. Nxd4 g6 5. Nc3 Bg7 6. Be3 Nf6 7. Bc4 O-O 8. f3 d6 9. Qd2 Bd7 10. O-O-O Rc8 11. Bb3 Nxd4 12. Bxd4 b5 13. h4 a5 14. g4 a4 15. Bd5 e6 16. Bb7 Rb8 17. Ba6 Qa5 18. g5 Ne8 19. Bxg7 Kxg7 20. Qd4+ e5 21. Qa7 Nc7 22. Rxd6 b4 23. Nd5 Nxd5 24. Rxd5 Bb5 25.
h5 Qxa6 26. h6+ Kg8 27. Qxa6 Bxa6 28. Rxe5 b3 29. cxb3 axb3 30. a3 Rfc8+ 31. Kb1 Bd3+ 32. Ka1 Rc2 33. Rd1 Ra8 34. Kb1 Rd2+ 35. Kc1 Rc2+ 36. Kb1 Rxa3 37. Rxd3 Ra1+ 38. Kxa1 Rc1# 0-1

[Event "*** Titled Tuesday Blitz"]
[Site "Chess.com"]
[Date "2019.03.05"]
[Round "3"]
[White "fmshawnrl123"]
[Black "Didici"]
[Result "1-0"]
[WhiteElo "2582"]
[BlackElo "2557"]
[TimeControl "180+2"]
[EndTime "13:42:11 PST"]
[Termination "fmshawnrl123 won by resignation"]

1. e4 e5 2. Nf3 Nc6 3. Bc4 Nf6 4.
Ng5 d5 5. exd5 Na5 6. Bb5+ c6 7.
dxc6 bxc6 8. Qf3 Rb8 9. Bd3 Be7 10. Nc3 Rb4 11. Nge4 Nxe4 12. Bxe4 O-O 13. g4 Nc4 14. a3 Rxb2 15. Bd3 Rb6 16. Bxc4 Kh8 17. Bd3 c5 18. Rb1 f5 19. Rxb6 fxg4 20. Qe4 Bf5 21. Qd5 Qxb6 22. Bxf5 Rxf5 23. O-O Qf6 24. Qg2 h5 25. Ne4 Qf7 26.
d3 Rf3 27. Bg5 Kh7 28. Bxe7 Qxe7 29. Kh1 Kh6 30. Nd2 Rf4 31. f3 gxf3 32. Rxf3 Qf6 33. Rxf4 Qxf4 34. h3 g5 35. Qc6+ Kh7 36. Qb7+ Kh6 37.
Qa6+ Kg7 38. Qxa7+ Kg6 39. Qb6+ Kf5 40. Ne4 Qf3+ 41. Kh2 Qe2+ 42. Kg1 Qd1+ 43. Kg2 Qxc2+ 44. Nf2 Kf4 45. Qf6+ Ke3 46. Qxe5+ Kd2 47. Qxg5+ Ke1 48.
Qe3+ 1-0

[Event "*** Titled Tuesday Blitz"]
[Site "Chess.com"]
[Date "2019.03.05"]
[Round "3"]
[White "severomorskij"]
[Black "Indianlad"]
[Result "1-0"]
[WhiteElo "2712"]
[BlackElo "2996"]
[TimeControl "180+2"]
[EndTime "13:42:13 PST"]
[Termination "severomorskij won by resignation"]

1. d4 Nf6 2. Bg5 Ne4 3. Bf4 d5 4. f3 Nf6 5. e4 e6 6. e5 Nfd7 7.
Be3 c5 8. c3 f6 9. f4 Qb6 10. Qd2 Nc6 11. Nf3 Be7 12. Bd3 fxe5 13.
dxe5 d4 14. Bf2 O-O 15. O-O g5 16. Nxg5 Bxg5 17. fxg5 Ndxe5 18. Na3 Bd7 19. Nc4 Nxc4 20. Bxc4 Ne5 21. Be2 d3 22. Bxd3 Ng4 23. Bxh7+ Kxh7 24. Qxd7+ Kg6 25. Rae1 Rae8 26. Qd3+ Kg7 27. Qe2 Nxf2 28. Rxf2 c4 29. Rf1 Rf5 30. Kh1 Rxf2 31. Rxf2 Qc5 32. h4 Rd8 33. Qf3 Rd1+ 34. Kh2 Qd6+ 35. g3 Rd2 36. Qf6+ Kg8 37. Qf7+ Kh8 38. Qf6+ Kg8 39. Kh3 Rxf2 40. Qxf2 e5 41. Qf5 Qd5 42. Qg6+ Kf8 43. Qf6+ Ke8 44. g6 Qd7+ 45. Kg2 Qd2+ 46. Qf2 Qd5+ 47.
Kh2 Qd7 48. Qf7+ Qxf7 49. gxf7+ Kxf7 50. g4 1-0

[Event "*** Titled Tuesday Blitz"]
[Site "Chess.com"]
[Date "2019.03.05"]
[Round "3"]
[White "ManuDavid2910"]
[Black "emperor87"]
[Result "0-1"]
[WhiteElo "2737"]
[BlackElo "2674"]
[TimeControl "180+2"]
[EndTime "13:42:14 PST"]
[Termination "emperor87 won by resignation"]

1. e4 c5 2. Nf3 d6 3. c3 Nf6 4. Bc4 e6 5. d3 Be7 6. O-O O-O 7.
Bb3 Nc6 8. Re1 b5 9. d4 cxd4 10. cxd4 e5 11. h3 a5 12. Nc3 a4 13. dxe5 Nxe5 14. Bd5 Rb8 15. Nd4 b4 16. Nxa4 Nxd5 17. exd5 Bd7 18. Bf4 Qa5 19. b3 Bf6 20. Nf5 Bxf5 21. Nb2 Ng6 22. Nc4 Qa6 23. Bxd6 Bxa1 24. Qxa1 Rbd8 25. Bxf8 Nxf8 26. Rd1 Qg6 27. Kh1 Be4 28. Ne3 f5 29. Qe5 Re8 30. Qf4 Qf6 31.
d6 Rd8 32. Nc4 Ne6 33. Qe3 Qc3 34. f3 Qxe3 35. Nxe3 Bc6 36. Nxf5 Bd7 37. Ne7+ Kf7 38. Nd5 Rb8 39. f4 g6 40. Re1 Rb5 41. Nc7 Rc5 42.
Na6 Rc6 43. Nxb4 Rxd6 44. g3 Rd2 45. a4 Nd4 46. Re3 Bxh3 47. g4 Bxg4 48. a5 Nf3 0-1

[Event "*** Titled Tuesday Blitz"]
[Site "Chess.com"]
[Date "2019.03.05"]
[Round "3"]
[White "kingmonkey2006"]
[Black "Amirreza_p"]
[Result "1/2-1/2"]
[WhiteElo "2535"]
[BlackElo "2820"]
[TimeControl "180+2"]
[EndTime "13:42:19 PST"]
[Termination "Game drawn by repetition"]

1. b3 e5 2. Bb2 Nc6 3. e3 d5 4.
Bb5 e4 5. Ne2 Bd6 6. d3 Nf6 7.
dxe4 dxe4 8. Nd2 O-O 9. Bxf6 Qxf6 10. Nxe4 Qg6 11. Nxd6 Rd8 12. Nf4 Qh6 13. Bxc6 bxc6 14. O-O cxd6 15. Qe2 Re8 16. Qf3 d5 17. Rac1 a5 18. c4 Ba6 19. cxd5 Bxf1 20. Rxc6 Bxg2 21. Qxg2 Qh4 22. Qg3 Qxg3+ 23. hxg3 Rec8 24. Rb6 a4 25. a3 Rc3 26. bxa4 Rxa3 27. Rb2 R3xa4 28. Kg2 Rd8 29.
Rd2 h6 30. Kf3 f5 31. Rd3 Rd6 32. Ne6 Re4 33. Nc7 g5 34. Nb5 Rd8 35. d6 Kf7 36. Rd5 Kf6 37. Nd4 g4+ 38. Kg2 Rxd4 39. exd4 h5 40.
Kf1 Ke6 41. Re5+ Kf6 42. Rd5 Ke6 43. Re5+ Kf6 44. Rd5 Ke6 45. Re5+ Kf6 46. Rd5 Ke6 47. Re5+ Kf6 48. Rd5 1/2-1/2

[Event "*** Titled Tuesday Blitz"]
[Site "Chess.com"]
[Date "2019.03.05"]
[Round "3"]
[White "Tiqr777"]
[Black "Alexander_Donchenko"]
[Result "0-1"]
[WhiteElo "2493"]
[BlackElo "2735"]
[TimeControl "180+2"]
[EndTime "13:42:28 PST"]
[Termination "Alexander_Donchenko won by resignation"]

1. c4 b6 2. Nc3 Bb7 3. d4 e6 4.
a3 Nf6 5. Nf3 d5 6. Bf4 Bd6 7.
Bxd6 cxd6 8. e3 O-O 9. cxd5 Nxd5 10. Nxd5 Bxd5 11. Be2 Nd7 12. O-O Nf6 13. Rc1 Qd7 14. Bc4 Bxf3 15. Qxf3 Rac8 16. Ba6 Rc7 17. Rxc7 Qxc7 18.
Qb7 Qxb7 19. Bxb7 Rb8 20. Ba6 Kf8 21. Rc1 Ne8 22. Bb5 Rd8 23. Bxe8 Kxe8 24. Rc7 Rd7 25.
Rc8+ Rd8 26. Rc7 Rd7 27. Rc8+ Ke7 28. Kf1 d5 29. Ke2 Kd6 30. Kd3 Rc7 31. Rxc7 Kxc7 32.
Kc3 h5 33. h3 h4 34. Kb4 g5 35. a4 Kc6 36. b3 f6 37. Kc3 e5 38. b4 Kd6 39.
Kd3 Ke6 40. dxe5 fxe5 41. f3 a5 42. Kc3 Kd6 43. Kb3 axb4 44. Kxb4 d4 45. e4 Kc6 46. Kc4 Kb7 47. Kb4 Ka6 48. Kc4 Ka5 0-1

[Event "*** Titled Tuesday Blitz"]
[Site "Chess.com"]
[Date "2019.03.05"]
[Round "3"]
[White "gmcorrales"]
[Black "DanielNaroditsky"]
[Result "0-1"]
[WhiteElo "2703"]
[BlackElo "2994"]
[TimeControl "180+2"]
[EndTime "13:42:33 PST"]
[Termination "DanielNaroditsky won by resignation"]

1. e4 e5 2. Nf3 Nc6 3. Bb5 a6 4. Ba4 Nf6 5. O-O Be7 6. Re1 b5 7. Bb3 d6 8. c3 O-O 9. h3 Na5 10. Bc2 c5 11. d4 Nd7 12. Nbd2 exd4 13. cxd4 Nc6 14. Nf1 cxd4 15. Nxd4 Nxd4 16. Qxd4 Ne5 17. Ne3 Bxh3 18. Nd5 Be6 19. Bf4 Bf6 20. Qe3 Nc4 21.
Qg3 Bxb2 22. Bg5 f6 23. Bh6 Rf7 24. Rad1 Kh8 25. Bf4 Be5 26. Qh2 Bxd5 27. Rxd5 Qe7 28. Bb3 Rc8 29. Rd3 g5 30. Qh3 Qd7 31. Qxd7 Rxd7 32. Bc1 Rdc7 33. g3 g4 34. Bh6 Rg8 35.
Rc1 Rg6 36. Be3 h5 37. Kg2 Rgg7 38. Kg1 Nxe3 39. Rxc7 Rxc7 40. Rxe3 Kg7 41. Rd3 Kg6 42. Kf1 Kg5 43. Ke2 h4 44. gxh4+ Kxh4 45. Rd1 Kg5 46. Rh1 Kf4 47. Rh4 Rc3 48. Be6 Kxe4 49. Rxg4+ Bf4 50. Bb3 a5 51. Rg7 a4 52. Re7+ Be5 53. Bg8 b4 54. Ra7 Rc2+ 55. Kf1 Rxf2+ 56. Kxf2 Bd4+ 57. Ke2 Bxa7 58. Be6 d5 59. Bf7 b3 60. axb3 axb3 61. Be8 b2 0-1

[Event "*** Titled Tuesday Blitz"]
[Site "Chess.com"]
[Date "2019.03.05"]
[Round "3"]
[White "SanchezKelvin"]
[Black "DrVitman"]
[Result "0-1"]
[WhiteElo "2514"]
[BlackElo "2652"]
[TimeControl "180+2"]
[EndTime "13:42:33 PST"]
[Termination "DrVitman won on time"]

1. d4 Nf6 2. c4 e6 3. Nf3 Bb4+ 4. Bd2 c5 5. e3 O-O 6. Bd3 Bxd2+ 7. Nbxd2 cxd4 8.
exd4 b6 9. Qe2 Bb7 10. Rg1 d5 11. g4 dxc4 12. Nxc4 Nc6 13. O-O-O Nb4 14. Kb1 Nxd3 15.
Rxd3 Be4 16. g5 Bxd3+ 17. Qxd3 Nd5 18. Nfe5 Rc8 19. h4 b5 20. Nd2 Nb4 21. Qe4 Qd5 22. Qxd5 Nxd5 23. Ne4 Rfd8 24. h5 Nf4 25. Nf6+ gxf6 26.
gxf6+ Ng6 27. hxg6 fxg6 28. Rg4 Rc7 29. Re4 b4 30.
Nd3 Kf7 31. Rf4 a5 32. Ne5+ Kf8 33. Nd3 Rd5 34. Nc5 Kf7 35. Re4 Rcxc5 36. dxc5 Rxc5 37. Rf4 Rf5 38. Rh4 h5 39. f4 Kxf6 40. Kc2 e5 41.
fxe5+ Rxe5 42. Kd3 Kg5 43. Rc4 h4 44. a3 bxa3 45.
bxa3 h3 0-1

[Event "*** Titled Tuesday Blitz"]
[Site "Chess.com"]
[Date "2019.03.05"]
[Round "3"]
[White "KRASAVCHIK2002"]
[Black "ALEXJR20"]
[Result "1-0"]
[WhiteElo "2316"]
[BlackElo "2182"]
[TimeControl "180+2"]
[EndTime "13:42:36 PST"]
[Termination "KRASAVCHIK2002 won on time"]

1. Nf3 d5 2. e3 Nf6 3. c4 c6 4. b3 Bf5 5. Bb2 Nbd7 6. d3 e6 7. Be2 h6 8. O-O Bd6 9. Nbd2 O-O 10. Qc2 Bh7 11. Rfd1 e5 12. Rac1 e4 13. dxe4 Nxe4 14.
Nxe4 Bxe4 15. Qc3 Nf6 16. cxd5 cxd5 17. Nd2 Bg6 18. Bd3 Rc8 19. Qxc8 Qxc8 20. Rxc8 Rxc8 21. Bxg6 fxg6 22. Bxf6 gxf6 23. Nf3 Rc2 24. g4 Rxa2 25. Rxd5 Ra6 26. Nd4 Rb6 27. Nb5 Be7 28. Nxa7 Rxb3 29. Nc8 Bf8 30. Rd7 b5 31. Kg2 b4 32. h4 Rb1 33. Rb7 b3 34. Ne7+ Bxe7 35. Rxe7 b2 36. Rb7 Kf8 37. h5 gxh5 38. gxh5 Ke8 39. Kf3 Rh1 40.
Rxb2 Rxh5 41. Rb7 Rf5+ 42. Kg3 Kf8 43. e4 Rg5+ 44. Kf4 Rg7 45. Rb6 Kf7 46. Rb5 Kg6 47.
Kg3 Re7 48. Rb4 1-0

[Event "*** Titled Tuesday Blitz"]
[Site "Chess.com"]
[Date "2019.03.05"]
[Round "3"]
[White "Albertu"]
[Black "xLuring1"]
[Result "0-1"]
[WhiteElo "2394"]
[BlackElo "2419"]
[TimeControl "180+2"]
[EndTime "13:42:39 PST"]
[Termination "xLuring1 won by resignation"]

1. e4 c5 2. Nf3 Nc6 3. d4 cxd4 4. Nxd4 Qc7 5. c4 Qe5 6. Nxc6 Qxe4+ 7. Be2 Qxc6 8. O-O Nf6 9. Nc3 e6 10. Bf3 Qc7 11. Nb5 Qb8 12. Qd4 d6 13. Bf4 e5 14.
Rfe1 Be7 15. Bxe5 dxe5 16. Rxe5 Be6 17. Bd5 O-O 18. Bxe6 fxe6 19. Rxe6 Qd8 20. Qe3 Re8 21. Re1 Bf8 22. Nxa7 Rxa7 23. Rxe8 Qxe8 24. Qxe8 Nxe8 25.
Rxe8 Rxa2 26. g3 Rxb2 27. Rb8 Rb4 28. c5 h6 29. Kg2 Kf7 30. Rc8 Rb5 31. c6 bxc6 32.
Rxc6 Be7 33. Rc4 Rb2 34. Rf4+ Kg6 35. h4 Bf6 36. Kh3 Be5 37. Rf8 Bd4 38. f3 Bg1 39.
Kg4 h5+ 40. Kf4 Rb4+ 41. Ke5 Bf2 42. g4 Bg3+ 43. Ke6 hxg4 44. fxg4 Rxg4 45. Rf3 Bxh4 46. Ke5 Bf6+ 47. Ke6 Re4+ 48. Kd5 Re1 49. Kd6 Kf7 50. Rb3 g5 51. Rb7+ Kg6 52. Kd5 g4 53. Rb8 Kf5 54. Rg8 Rd1+ 55. Kc4 Be5 56. Rf8+ Ke4 57.
Rg8 g3 58. Rg4+ Bf4 59. Rg5 Rc1+ 60. Kb3 Bxg5 0-1

[Event "*** Titled Tuesday Blitz"]
[Site "Chess.com"]
[Date "2019.03.05"]
[Round "3"]
[White "bluejay1897"]
[Black "vgyogi"]
[Result "0-1"]
[WhiteElo "2143"]
[BlackElo "2114"]
[TimeControl "180+2"]
[EndTime "13:42:41 PST"]
[Termination "vgyogi won by resignation"]

1. Nf3 d5 2. g3 Nf6 3. Bg2 c5 4. O-O e6 5. d4 Nc6 6. c4 dxc4 7. dxc5 Qxd1 8. Rxd1 Bxc5 9. Nbd2 a6 10. Nxc4 Ke7 11.
a3 Rd8 12. Bg5 Bd7 13. b4 Ba7 14. Nfe5 Be8 15. Nxc6+ Bxc6 16. Bxc6 bxc6 17. Ne5 Rd6 18. Rxd6 Kxd6 19. Nxf7+ Kc7 20. Bf4+ Kb6 21. Rc1 Nd5 22. Be5 g6 23. Nd6 Bb8 24. Nc4+ Kb5 25. e4 Bxe5 26.
Nxe5 Ne7 27. Rc5+ Ka4 28. Nxc6 Nxc6 29. Rxc6 Kxa3 30. Rxe6 Kxb4 31. Rb6+ Kc5 32. Rb1 a5 33. Kf1 a4 34. Ke2 Kd4 35. f3 Kc3 36. Kd1 a3 37.
Kc1 a2 38. Ra1 Kb3 39. e5 Rc8+ 40. Kd2 Rc2+ 41. Ke3 Kb2 42. Rxa2+ Kxa2 43. e6 Rc6 44.
Kf4 Rxe6 45. Kg5 Re2 46. h4 Kb3 47. Kh6 Re7 48. g4 Kc4 49. Kg5 Kd5 50. Kf6 Ra7 51.
f4 Ke4 52. f5 gxf5 53. gxf5 Kf4 54. h5 Ra5 55. h6 Rxf5+ 56. Kg7 Kg5 57. Kxh7 Rf6 0-1

[Event "*** Titled Tuesday Blitz"]
[Site "Chess.com"]
[Date "2019.03.05"]
[Round "3"]
[White "GremioPrudente"]
[Black "GrandGlacier"]
[Result "0-1"]
[WhiteElo "2062"]
[BlackElo "2148"]
[TimeControl "180+2"]
[EndTime "13:42:44 PST"]
[Termination "GrandGlacier won on time"]

1. Nf3 Nf6 2. c4 g6 3. b3 Bg7 4. Bb2 O-O 5. e3 a5 6. Be2 d5 7. O-O Nc6 8. cxd5 Nxd5 9. Bxg7 Kxg7 10. Nc3 Nxc3 11. dxc3 e5 12. Bb5 Qe7 13. Bxc6 bxc6 14. Qc2 Ba6 15. Rfc1 c5 16. Qe4 Rfe8 17. c4 Rab8 18.
Rd1 Bb7 19. Qh4 f6 20. Nd2 Qe6 21. Ne4 g5 22. Nxc5 gxh4 23. Nxe6+ Rxe6 24. Rd7+ Kh6 25. Rxc7 f5 26. Rd1 Rg6 27. g3 Bf3 28. Rdd7 hxg3 29.
Rxh7+ Kg5 30. fxg3 Rd8 31. Kf2 e4 32. Rhd7 Rd6 33.
h4+ Kf6 34. Rf7+ Ke5 35. Rfe7+ Re6 36. Rc5+ Kd6 37. Rxe6+ Kxc5 38. Re5+ Kb4 39. Rxf5 Rd2+ 40. Ke1 Re2+ 41. Kf1 Rxa2 42. Rb5+ Kc3 43. h5 Kd3 44.
Rd5+ Kxe3 45. Kg1 Ra1+ 0-1